 Dungeon Crawl Stone Soup version 0.29.1-13-g9f3cf754e1 (webtiles) character file.

Game seed: 4612217107694565092

555 croobank the Covert (level 7, -2/49 HPs)
             Began as an Octopode Delver on Feb 11, 2023.
             Slain by Dowan
             ... wielding a +0 dagger
              (4 damage)
             ... on level 5 of the Dungeon.
             The game lasted 00:08:54 (1290 turns).

croobank the Covert (Octopode Delver)               Turns: 1290, Time: 00:08:55

Health: -2/49      AC:  1    Str: 10    XL:     7   Next: 30%
Magic:  12/16      EV: 18    Int: 14    God:
Gold:   34         SH:  0    Dex: 13    Spells: 6/6 levels left

rFire   + . .      SeeInvis .   a - +0 hand axe
rCold   + . .      Faith    .   (no shield)
rNeg    + + .      Spirit   .   (helmet restricted)
rPois   +          Reflect  .   (no amulet)
rElec   +          Harm     .   i - ring of Suspicion {rN++ MP+9 EV+4 Str-2}
rCorr   +          Rampage  .   (no ring)
Will    .....                   (no ring)
Stlth   +++++.....              (no ring)
HPRegen 0.16/turn               (no ring)
MPRegen 0.15/turn               (no ring)
                                (no ring)
                                (no ring)

@: resistant
A: almost no armour, amphibious, 8 rings, camouflage 1, gelatinous body 1,
(nimble swimmer 1), tentacles
a: no special abilities


You were on level 5 of the Dungeon.
You visited 2 branches of the dungeon, and saw 5 of its levels.

You collected 34 gold pieces.

Inventory:

Hand Weapons
 a - a +0 hand axe (weapon)
 b - a +0 sling
 c - a +0 dagger
 e - a +0 spear
 h - a +0 long sword
 j - a +0 war axe
Jewellery
 i - the ring of Suspicion (left tentacle) {rN++ MP+9 EV+4 Str-2}
   (You acquired it on level 5 of the Dungeon)

   [ring of evasion]

   EV:        It affects your evasion (+4).
   Str:       It affects your strength (-2).
   rN:        It greatly protects you from negative energy.
   MP:        It affects your magic capacity (+9).
Scrolls
 l - a scroll of fog


   Skills:
 + Level 4.8 Fighting
 + Level 4.1 Axes
 + Level 4.2 Dodging
 + Level 8.5 Stealth


You had 6 spell levels left.
You didn't know any spells.
Your spell library was empty.

Dungeon Overview and Level Annotations

Branches:
Dungeon (6/15)             Temple (1/1) D:4

Altars:
Ashenzari
Cheibriados
Dithmenos
Elyvilon
Fedhas
Gozag
Hepliaklqana
Kikubaaqudgha
Nemelex Xobeh
Okawaru
Ru
Trog
Wu Jian
Xom
Zin

Annotations:
D:5 Blork the orc, Dowan


Innate Abilities, Weirdness & Mutations

You cannot wear most types of armour.
You are amphibious.
You can wear up to eight rings at the same time.
Your skin changes colour to match your surroundings (Stealth+).
Your rubbery body absorbs attacks. (AC +1, EV +1)
((You are camouflaged when in or above water. (Stealth+)))
You have tentacles for arms and can constrict up to eight enemies at once.


Message History

You hit Duvessa. You squeeze Duvessa!
Duvessa is heavily wounded.
You constrict Duvessa. Duvessa barely misses you.
You hit Duvessa but do no damage.
Duvessa is severely wounded.
You constrict Duvessa. Duvessa hits you with a +0 short sword!
* * * LOW HITPOINT WARNING * * *
You hit Duvessa.
Duvessa is severely wounded.
You constrict Duvessa. Duvessa closely misses you.
Okay, then.
You hit Duvessa but do no damage. You squeeze Duvessa, but do no damage.
Duvessa is severely wounded.
You constrict Duvessa. Duvessa completely misses you.
You hit Duvessa. You squeeze Duvessa.
You kill Duvessa!
You hear a distant wail of despair.
The orc misses you.
You barely miss the orc. You grab the orc. You constrict the orc.
The orc hits you with a +0 flail.
* * * LOW HITPOINT WARNING * * *
You hit the orc. You squeeze the orc.
You kill the orc!
Dowan seems to find hidden reserves of power!
The hound completely misses you.
You closely miss the hound. You grab the hound. Your squeeze misses the hound.
The hound is moderately wounded.
You constrict the hound. The hound completely misses you.
You hit the hound. You squeeze the hound.
The hound is severely wounded.
You constrict the hound. The hound misses you. The hound completely misses you.
You hit the hound but do no damage.
You squeeze the hound, but do no damage.
The hound is almost dead.
You constrict the hound. The hound misses you.
Dowan says, "Magic will overcome all!"
You hit the hound. You squeeze the hound.
You kill the hound!
Dowan says, "How can I live without her?"
Dowan hits you with a +0 dagger.
You die...

########**
#####.......,***
#..........,,,,***
#..........,,,.#>*** ****
#.......####...#.,,* *,,,
#......oe@)......*,*###...
#......o####.....*,,?.....
#.......#* *,,...****#.r@.
##.#..?..# ****,.***###...
#.#.....# *,,,,,......
#.#.....# *,,*****#...
#.#...e.# *,,,,,,,#...
#.#....o#******,****,#...
#.#.......,,,**,* #.###.


You could see Dowan (fast) and 2 orcs.

Vanquished Creatures
  Eustachio (D:5)
  Menkaure (D:5)
  Duvessa (D:5)
  A bullfrog (D:6)
  A necrophage (D:5)
  2 hounds
  An iguana (D:4)
  An adder (D:4)
  3 orcs
  An endoplasm (D:4)
  A goblin (D:3)
  A quokka (D:3)
  2 ball pythons
  2 frilled lizards (D:3)
  2 kobolds
21 creatures vanquished.

Vanquished Creatures (others)
  15 fungi (D:4)
15 creatures vanquished.

Grand Total: 36 creatures vanquished

Notes
Turn   | Place    | Note
-------+----------+-------------------------------------------
     0 | D:5      | croobank the Octopode Delver began the quest for the Orb.
     0 | D:5      | Reached XP level 1. HP: 16/16 MP: 1/1
     5 | D:5      | Noticed Menkaure
    13 | D:5      | Killed Menkaure
    14 | D:5      | Reached skill level 7 in Stealth
    14 | D:5      | Reached XP level 2. HP: 22/22 MP: 2/2
    14 | D:5      | Reached XP level 3. HP: 27/27 MP: 3/3
    14 | D:5      | Reached XP level 4. HP: 33/33 MP: 4/4
    14 | D:5      | Reached XP level 5. HP: 37/37 MP: 5/5
   366 | D:6      | Noticed a black bear
   397 | D:6      | Noticed a phantom
   407 | D:5      | Noticed an ice beast
   433 | D:5      | Noticed an ogre
   437 | D:5      | Noticed Eustachio
   820 | D:4      | Reached XP level 6. HP: 39/43 MP: 6/6
   845 | D:4      | Found a staircase to the Ecumenical Temple.
   854 | Temple   | Entered the Ecumenical Temple
   948 | D:5      | Noticed Blork the orc
  1211 | D:3      | You fall into a shaft and drop 2 floors!
  1237 | D:5      | Noticed Duvessa
  1248 | D:5      | Identified a scroll of acquirement
  1248 | D:5      | Acquired the ring of Suspicion {rN++ MP+9 EV+4 Str-2}
  1270 | D:5      | Noticed Dowan
  1273 | D:5      | Killed Eustachio
  1274 | D:5      | Reached skill level 8 in Stealth
  1276 | D:5      | Reached XP level 7. HP: 19/49 MP: 7/7
  1284 | D:5      | Killed Duvessa
  1285 | D:5      | HP: 1/49 [orc/+0 flail (3)]
  1290 | D:5      | Slain by Dowan

Illustrated notes

Levels and vault maps discovered:
D:3:      layout_loops_cross, nicolae_qazlal_scattered_showers,
          eat_drink_and_be_merry_uskayaw
D:4:      layout_rooms, lemuel_zombie_altar_yredelemnul,
          mainiacjoe_overflow_cross_hatched, temple_hall,
          gammafunk_ghost_cemetery, nicolae_zen_rock_garden,
          hangedman_minor_gate_pass
D:5:      layout_basic, nicolae_eternal_life, uniq_grinder, uniq_blork_the_orc,
          uniq_eustachio, uniq_duvessa, uniq_menkaure
D:6:      layout_basic
Temple:   nicolae_temple_no_exploring_needed

Skill      XL: |  1  2  3  4  5  6 |
---------------+-------------------+-----
Axes           | 3 4 |  4.1
Dodging        | 3 4 |  4.2
Stealth        | 7 8 |  8.5
Fighting       | 4 |  4.8

Action                   |  1- 3 |  4- 6 |  7- 9 || total
-------------------------+-------+-------+-------++-------
Melee: Hand axe          |     4 |    48 |    15 ||    67
       Tentacles         |     2 |     9 |     8 ||    19
       Constrict         |     1 |     8 |     3 ||    12
Evoke: Wand              |       |     3 |       ||     3
  Use: Scroll            |       |     6 |       ||     6
       Potion            |       |     3 |       ||     3
 Stab: Sleeping          |       |     7 |       ||     7
Dodge: Dodged            |     2 |    40 |    12 ||    54
